 Dungeon Crawl Stone Soup version 0.18.1-48-g4cf74bf (webtiles) character file.

8128 Jerry the Spear-Bearer (level 11, -6/120 HPs)
             Began as a Hill Orc Gladiator on Aug 10, 2016.
             Was a Believer of Kikubaaqudgha.
             Mangled by MasterIvey's ghost (13 damage)
             ... on level 9 of the Dungeon.
             The game lasted 00:52:15 (8818 turns).

Jerry the Spear-Bearer (Hill Orc Gladiator)         Turns: 8818, Time: 00:52:15

Health: -6/120     AC: 21    Str: 24    XL:     11   Next: 26%
Magic:  11/11      EV:  8    Int: 17    God:    Kikubaaqudgha [**....]
Gold:   208        SH:  0    Dex: 11    Spells: 0 memorised, 10 levels left

rFire  . . .     SeeInvis .     y - +8 bardiche of the Unspeakable One {vamp, Int+3 Stlth+}
rCold  + . .     Gourm    .     s - +0 plate armour
rNeg   . . .     Faith    .     (shield currently unavailable)
rPois  .         Spirit   .     m - +1 helmet {Int+3}
rElec  .         Dismiss  .     C - +0 cloak
rCorr  +         Reflect  .     I - +1 pair of gloves
SustAt .         Harm     .     (no boots)
MR     .....                    k - amulet of rage
Stlth  ..........               S - ring of protection from cold
                                E - ring of resist corrosion

@: berserking (expiring), very quick, not resistant to hostile enchantments,
extremely unstealthy
A: no striking features
a: Receive Corpses, Renounce Religion, Evoke Berserk Rage


You were on level 9 of the Dungeon.
You worshipped Kikubaaqudgha.
Kikubaaqudgha was pleased with you.
You were hungry.

You visited 2 branches of the dungeon, and saw 10 of its levels.

You collected 484 gold pieces.
You spent 276 gold pieces at shops.

Inventory:

Hand Weapons
 a - a +1 trident
 p - a +0 hunting sling
 y - the +8 bardiche of the Unspeakable One (weapon) {vamp, Int+3 Stlth+}
   (You acquired it on level 9 of the Dungeon)

   It inflicts no extra harm, but heals its wielder somewhat when it strikes a
   living foe.
   It affects your intelligence (+3).
   It makes you more stealthy.
Missiles
 q - 46 sling bullets
Armour
 m - a +1 helmet of intelligence (worn)
 s - a +0 plate armour (worn)
 C - a +0 cloak (worn)
 I - a +1 pair of gloves (worn)
 L - a +0 buckler
Rods
 G - a +1 iron rod (10/10)
   (You found it on level 5 of the Dungeon)
Jewellery
 e - a +3 amulet of reflection
 i - an uncursed ring of ice
 k - an amulet of rage (around neck)
 E - a ring of resist corrosion (left hand)
 K - an uncursed ring of wizardry
 S - a ring of protection from cold (right hand)
Wands
 c - a wand of acid (7/15)
 d - a wand of disintegration (7/24)
 r - a wand of acid (10/15)
 A - a wand of acid (6/15)
 B - a wand of enslavement (16/24)
 F - a wand of slowing (13/48)
 H - a wand of flame (25/48)
 Q - a wand of flame (34/48)
 W - a wand of digging (10/24)
Scrolls
 g - 2 scrolls of identify
 h - 4 scrolls of remove curse
 l - a scroll of amnesia
 n - 2 scrolls of immolation
 t - 3 scrolls of teleportation
 u - a scroll of fear
 w - a scroll of enchant armour
 x - 4 scrolls of recharging
Potions
 v - a potion of invisibility
 D - a potion of brilliance {unknown}
 M - a potion of resistance
 N - 3 potions of flight {unknown}
 P - a potion of degeneration {unknown}
 R - a potion of might {unknown}
 U - a potion of mutation {unknown}
 V - 2 potions of agility {unknown}
 Z - a potion of berserk rage {unknown}
Books
 X - Kikubaaqudgha's Tome of Unholy Secrets
   (Kikubaaqudgha gifted it to you on level 8 of the Dungeon)

   Spells                             Type                      Level
   a - Animate Skeleton               Necromancy                   1
   b - Corpse Rot                     Necromancy                   2
   c - Sublimation of Blood           Necromancy                   2
   d - Regeneration                   Charms/Necromancy            3
   e - Control Undead                 Necromancy                   4
Comestibles
 b - a chunk of flesh
 f - 10 bread rations
 j - 6 meat rations


   Skills:
 - Level 2.4 Fighting
 + Level 12.8 Polearms
 - Level 1.7(3.1) Slings
 - Level 4.0(4.2) Throwing
 + Level 10.8 Armour
 - Level 2.4 Dodging
 - Level 0.1 Stealth
 - Level 6.4 Shields


You had 10 spell levels left.
You didn't know any spells.

Dungeon Overview and Level Annotations

Branches:
Dungeon (9/15)             Temple (1/1) D:6
   Lair: D:8-11         Orc: D:9-12

Altars:
Ashenzari
Cheibriados
Dithmenos
Elyvilon
Fedhas
Gozag
Kikubaaqudgha
Makhleb
Nemelex Xobeh
Okawaru
Pakellas
Qazlal
Ru
Sif Muna
Trog
Vehumet
Xom
Yredelemnul
Zin
The Shining One

Shops:
D:4 *}   D:8 (

Annotations:
D:9 MasterIvey's ghost, novice TrMo


Message History

MasterIvey's ghost hits you!
You closely miss MasterIvey's ghost.
MasterIvey's ghost is almost destroyed.
MasterIvey's ghost hits you!!
Your plate armour prevents you from hitting MasterIvey's ghost.
MasterIvey's ghost is almost destroyed.
MasterIvey's ghost hits you!!
* * * LOW HITPOINT WARNING * * *
You hit MasterIvey's ghost but do no damage.
MasterIvey's ghost is almost destroyed.
MasterIvey's ghost hits you!
* * * LOW HITPOINT WARNING * * *
You slash MasterIvey's ghost!
MasterIvey's ghost is almost destroyed.
MasterIvey's ghost hits you but does no damage.
You closely miss MasterIvey's ghost.
MasterIvey's ghost is almost destroyed.
MasterIvey's ghost hits you!
You die...
Kikubaaqudgha rasps: "You have failed me!
Welcome... death!"

###.### #.# #.Y...
# ### #.# #.W.. #
#.## #..# #
#..###.# #....)?#
##....###
#..##...##
##W.###...### .#
#@..#####...##..#
#.......##.....#
.........)....##
..####...........#
.## #######......#
.# #####.. .# # ..


You could see MasterIvey's ghost.

Vanquished Creatures
  Pikel (D:7)
  The ghost of chfi the Protected, a novice MiFi (D:6)
  Sigmund (D:4)
  The ghost of Squonk the Magician, an amateur DEEE (D:5)
  A spriggan (D:8)
  A basilisk (D:9)
  14 yaks
  A hippogriff (D:8)
  A hungry ghost (D:8)
  Duvessa (D:4)
  2 porcupines (D:9)
  A slave (D:7)
  An orc warrior (D:7)
  3 ice beasts
  2 phantoms
  A black bear (D:7)
  A necrophage (D:5)
  8 ogres
  5 centaurs
  5 crocodiles (D:9)
  2 giant frogs
  A scorpion (D:9)
  Dowan (D:4)
  A water moccasin skeleton (D:6)
  4 jellies
  5 killer bees (D:8)
  5 howler monkeys
  A giant frog zombie (D:7)
  3 crimson imps
  5 orc wizards
  A quasit (D:9)
  An orc priest (D:4)
  A giant frog skeleton (D:5)
  2 hounds
  3 iguanas
  Terence (D:3)
  9 worker ants
  2 hound skeletons (D:5)
  2 hound zombies
  4 gnolls (D:5)
  A howler monkey skeleton (D:7)
  6 adders
  8 river rats (D:9)
  3 shadow imps
  3 oozes
  2 adder skeletons
  A worm (D:2)
  2 dart slugs (D:2)
  7 giant geckos
  17 orcs
  6 giant cockroaches
  2 gnoll zombies (D:6)
  11 goblins
  5 hobgoblins
  8 jackals
  4 kobolds
  6 quokkas
  3 bats
  4 giant newts
  8 rats
213 creatures vanquished.

Vanquished Creatures (others)
  An orc wizard (D:6)
  A quokka (D:7)
  A plant (D:9)
3 creatures vanquished.

Grand Total: 216 creatures vanquished

Notes
Turn   | Place    | Note
--------------------------------------------------------------
     0 | D:1      | Jerry the Hill Orc Gladiator began the quest for the Orb.
     0 | D:1      | Reached XP level 1. HP: 18/18 MP: 1/1
    86 | D:1      | Reached XP level 2. HP: 23/25 MP: 2/2
   381 | D:1      | Reached skill level 1 in Armour
   417 | D:1      | Reached skill level 4 in Polearms
   750 | D:2      | Reached XP level 3. HP: 28/30 MP: 3/3
   891 | D:2      | Found an opulent altar of Gozag.
  1115 | D:2      | Reached XP level 4. HP: 29/37 MP: 4/4
  1292 | D:2      | Found a burning altar of Makhleb.
  1307 | D:2      | Reached skill level 1 in Slings
  1461 | D:3      | Found a bloodstained altar of Trog.
  1713 | D:3      | Reached XP level 5. HP: 39/42 MP: 5/5
  1758 | D:3      | Noticed Terence
  1769 | D:3      | Killed Terence
  2172 | D:3      | Found a stormy altar of Qazlal.
  2306 | D:4      | Reached skill level 5 in Polearms
  2535 | D:4      | Noticed an ogre
  2562 | D:4      | Found Nloq's Needful Niceties.
  2656 | D:4      | Noticed Sigmund
  2696 | D:3      | Reached XP level 6. HP: 49/50 MP: 6/6
  2712 | D:4      | Killed Sigmund
  2802 | D:4      | Reached XP level 7. HP: 56/56 MP: 7/7
  2877 | D:4      | Noticed Dowan
  2934 | D:4      | Killed Dowan
  2968 | D:4      | Noticed Duvessa
  3029 | D:4      | Killed Duvessa
  3029 | D:4      | Reached skill level 6 in Polearms
  3424 | D:3      | Reached skill level 5 in Armour
  3771 | D:4      | Reached XP level 8. HP: 62/62 MP: 8/8
  4134 | D:4      | Found an oddly glowing altar of Pakellas.
  4134 | D:4      | Found Pakellas's Prime Provisions.
  4154 | D:5      | Entered Level 5 of the Dungeon
  4224 | D:5      | Reached skill level 7 in Polearms
  4343 | D:5      | Found a sparkling altar of Nemelex Xobeh.
  4344 | D:5      | Found a sacrificial altar of Ru.
  4840 | D:5      | Found a radiant altar of Vehumet.
  4961 | D:5      | Noticed Squonk's ghost (amateur DEEE)
  4969 | D:5      | Reached skill level 8 in Polearms
  4994 | D:5      | Killed Squonk's ghost
  5031 | D:5      | Reached XP level 9. HP: 36/67 MP: 9/9
  5560 | D:6      | Found a staircase to the Ecumenical Temple.
  5565 | Temple   | Entered the Ecumenical Temple
  5590 | Temple   | Became a worshipper of Kikubaaqudgha
  5718 | D:6      | Noticed chfi's ghost (novice MiFi)
  5855 | D:7      | Reached skill level 9 in Polearms
  5855 | D:7      | Reached skill level 1 in Shields
  6537 | D:7      | Noticed Pikel
  6603 | D:7      | Killed Pikel
  6603 | D:7      | Reached skill level 10 in Polearms
  6603 | D:7      | Reached skill level 5 in Shields
  6796 | D:6      | Killed chfi's ghost
  6796 | D:6      | Reached XP level 10. HP: 74/74 MP: 10/10
  7215 | D:6      | Found an iron altar of Okawaru.
  7215 | D:6      | Found a shadowy altar of Dithmenos.
  7215 | D:6      | Found a white marble altar of Elyvilon.
  7223 | D:6      | Found a glowing golden altar of the Shining One.
  7285 | D:6      | Found a basalt altar of Yredelemnul.
  7393 | D:8      | Reached * piety under Kikubaaqudgha
  7393 | D:8      | Received a gift from Kikubaaqudgha
  7393 | D:8      | Reached skill level 11 in Polearms
  7394 | D:8      | Identified Kikubaaqudgha's Tome of Unholy Secrets (Kikubaaqudgha gifted it to you on level 8 of the Dungeon)
  7713 | D:8      | Found Tootudiu's Antique Weapon Shoppe.
  7718 | D:8      | Bought a twisted glaive for 276 gold pieces
  7731 | D:8      | Identified the +3 glaive "Riris" {speed, -Tele rPois MR+ MP+9} (You bought it in a shop on level 8 of the Dungeon)
  7986 | D:8      | Found a glowing silver altar of Zin.
  8338 | D:9      | Identified a scroll of acquirement
  8339 | D:9      | Got a jewelled bardiche
  8345 | D:9      | Identified the +8 bardiche of the Unspeakable One {vamp, Int+3 Stlth+} (You acquired it on level 9 of the Dungeon)
  8497 | D:9      | Reached skill level 12 in Polearms
  8516 | D:9      | Reached ** piety under Kikubaaqudgha
  8519 | D:9      | Reached skill level 10 in Armour
  8532 | D:9      | Reached XP level 11. HP: 80/80 MP: 11/11
  8591 | D:9      | Noticed MasterIvey's ghost (novice TrMo)
  8818 | D:9      | Mangled by MasterIvey's ghost

Skill      XL: |  1  2  3  4  5  6  7  8  9 10 |
---------------+-------------------------------+-----
Armour         | 1 2 3 4 5 7 8 10 | 10.8
Polearms       | 4 5 6 8 10 12 | 12.8
Slings         | 1 |  1.7
Throwing       | 2 3 4 |  4.0
Shields        | 5 6 |  6.4
Fighting       | |  2.4
Dodging        | |  2.4
Stealth        | |  0.1

Action                   |  1- 3 |  4- 6 |  7- 9 | 10-12 || total
-------------------------+-------+-------+-------+-------++-------
Melee: Trident           |    85 |   163 |   553 |   179 ||   980
       Bardiche          |       |       |       |   170 ||   170
       Glaive            |       |       |       |    27 ||    27
 Fire: Hunting sling     |    21 |       |     4 |       ||    25
Throw: Throwing net      |     3 |     4 |     4 |       ||    11
 Abil: Evoke Berserk Rag |       |     2 |     2 |     1 ||     5
Evoke: Wand              |       |       |     8 |     9 ||    17
       Rod               |       |       |     1 |       ||     1
  Use: Scroll            |       |     4 |       |    15 ||    19
       Potion            |       |     2 |     4 |     3 ||     9
 Stab: Held in net/web   |       |       |     3 |       ||     3
  Eat: Chunk             |     1 |     6 |    16 |     6 ||    29
       Fruit             |       |       |       |     4 ||     4
       Pizza             |       |       |       |     2 ||     2
       Beef jerky        |       |       |       |     1 ||     1
Armor: Leather armour    |    26 |    25 |       |       ||    51
       Scale mail        |       |    10 |   121 |       ||   131
       Plate armour      |       |       |    80 |   212 ||   292
Dodge: Dodged            |    49 |    73 |   168 |    90 ||   380
Block: Other             |    13 |    11 |    37 |       ||    61
       Reflection        |       |     1 |     2 |       ||     3
       Buckler           |       |       |     1 |    30 ||    31
